Map: Emerald City LE

Players

FAUSTVIII - Winner!

  • Race: Zerg Zerg
  • League: Platinum
  • Spawn Location: 5:00

Artjis - Winner!

  • Race: Terran Terran
  • League: Gold
  • Spawn Location: 5:00

Massa

  • Race: Terran Terran
  • Spawn Location: 11:00

qqq

  • Race: Zerg Zerg
  • Spawn Location: 11:00

VOD

Have the link to the VOD?

Description

Time

  • Played on: June 20, 2020, 3:42 a.m.
  • Length: 15:42
Show
View Real Time Build Order
Export as new Build Order

FAUSTVIII Zerg - Winner!

Build Orders: Hatch First 

Get SALT Encoding   

  12  0:01  Drone  
  13  0:17  Overlord  
  13  0:19  Drone  
  14  0:36  Drone x2  
  16  0:44  Drone  
  17  0:58  Drone  
  17  1:03  Hatchery  
  17  1:12  Drone x2  
  17  1:16  Extractor  
  18  1:21  Spawning Pool  
  18  1:23  Drone  
  18  1:33  Drone  
  19  1:46  Overlord  
  19  2:12  Queen  
  21  2:17  Queen  
  21  2:20  Zergling x2  
  21  2:21  Zergling x6  
  27  2:24  Metabolic Boost  
  27  2:31  Drone  
  27  2:36  Drone  
  29  2:37  Drone  
  30  2:54  Drone x3  
  30  2:56  Queen  
  35  3:01  Overlord  
  35  3:19  Queen  
  37  3:20  Overlord x2  
  37  3:22  Zergling x6  
  40  3:45  Lair  
  40  3:51  Roach Warren  
  40  3:53  Drone  
  40  4:05  Zergling x6  
  40  4:06  Zergling x16  
  51  4:15  Drone x2  
  53  4:27  Hatchery  
  34  5:17  Roach x4  
  34  5:18  Roach x9  
  60  5:49  Roach x3  
  66  5:57  Overlord x4  
  66  6:14  Queen  
  66  6:22  Drone  
  66  6:23  Drone x7  
  74  6:30  Zergling x12  
  64  6:52  Zergling x12  
  70  7:00  Drone x5  
  70  7:01  Drone x2, Extractor  
  75  7:32  Overlord x2  
  75  7:34  Zergling x28  
  87  8:03  Roach x2  
  87  8:04  Roach x11  
  113  8:10  Drone  
  113  8:12  Evolution Chamber, Overlord x3  
  113  8:13  Evolution Chamber  
  92  8:40  Zergling x26  
  82  9:40  Zergling x30  
  82  9:41  Zergling x6  
  91  10:00  Zerg Melee Weapons Level 1  
  91  10:01  Zerg Ground Armor Level 1  
  91  10:06  Infestation Pit  
  90  10:08  Drone x4  
  90  10:09  Overlord x2  
  90  10:10  Overlord x2  
  90  10:11  Roach x3  
  90  10:12  Roach x2  
  104  10:31  Hydralisk Den  
  103  10:41  Extractor  
  102  10:45  Extractor  
  63  11:16  Drone x3  
  63  11:17  Drone  
  63  11:18  Drone x2  
  65  11:22  Grooved Spines  
  65  11:24  Hive  
  65  11:30  Drone x3  
  68  11:38  Extractor  
  67  11:40  Extractor  
  66  12:04  Drone x3  
  66  12:05  Overlord  
  66  12:06  Overlord x3  
  66  12:07  Hydralisk  
  66  12:08  Hydralisk x14  
  99  12:22  Hatchery  
  98  12:24  Zerg Missile Weapons Level 1  
  98  12:33  Muscular Augments  
  98  12:39  Overseer  
  98  12:49  Hydralisk  
  98  12:50  Hydralisk x8  
  112  13:35  Queen  
  110  13:49  Zergling x2  
  110  13:50  Zergling x44  
  110  13:51  Zergling x12  
  110  13:53  Queen  
  81  14:38  Hydralisk  
  70  14:39  Hydralisk x10  
  70  14:40  Hydralisk x2  
  83  15:07  Zergling x8  
  83  15:08  Zergling x2  
  87  15:29  Hatchery  
Show
View Real Time Build Order
Export as new Build Order

Artjis Terran - Winner!

Build Orders:  

Get SALT Encoding   

  12  0:01  SCV  
  13  0:13  SCV  
  14  0:19  Supply Depot  
  14  0:25  SCV  
  15  0:40  SCV  
  15  0:41  Barracks  
  16  0:52  SCV  
  16  0:53  Refinery  
  17  1:04  SCV  
  18  1:21  SCV  
  19  1:33  Orbital Command  
  19  1:39  Command Center  
  19  1:48  Refinery  
  19  1:54  Barracks Reactor  
  19  2:00  SCV  
  20  2:12  SCV  
  20  2:25  SCV  
  21  2:30  Factory  
  21  2:32  Marine x2  
  23  2:44  Supply Depot  
  23  2:50  Marine x2  
  23  2:51  SCV  
  26  2:54  Orbital Command  
  26  3:03  SCV  
  26  3:04  Supply Depot  
  26  3:10  Marine  
  26  3:11  Marine  
  28  3:15  Factory Tech Lab  
  28  3:21  SCV x2  
  30  3:33  SCV x2  
  32  3:34  Siege Tank  
  35  3:43  Marine x2  
  35  3:45  SCV x2  
  39  3:53  Refinery  
  39  3:57  SCV  
  39  3:58  SCV  
  39  4:01  Marine x2  
  43  4:06  Siege Tank  
  46  4:13  SCV  
  46  4:16  Refinery  
  47  4:19  Marine x2  
  47  4:20  Starport  
  47  4:22  SCV  
  50  4:38  Siege Tank  
  50  4:41  Marine  
  54  4:53  Marine  
  51  5:09  Marine  
  51  5:10  Siege Tank  
  47  5:20  Marine  
  45  5:25  Starport Tech Lab  
  45  5:27  Marine  
  43  5:32  SCV x2  
  43  5:33  Engineering Bay  
  45  5:43  Siege Tank  
  48  5:51  Banshee  
  48  5:53  Cloaking Field  
  52  5:57  SCV x2  
  52  6:04  Armory  
  53  6:10  Marine  
  54  6:22  Command Center  
  54  6:23  Supply Depot  
  54  6:45  Banshee, Marine, Siege Tank  
  56  7:00  Marine  
  57  7:03  Marine  
  58  7:17  Siege Tank  
  58  7:18  Marine  
  62  7:33  Banshee  
  62  7:34  Supply Depot  
  62  7:35  Terran Vehicle Weapons Level 1  
  62  7:36  Orbital Command, Supply Depot x2  
  65  7:49  Siege Tank  
  68  8:16  Banshee  
  68  8:17  Orbital Command  
  71  8:21  Siege Tank  
  74  8:47  Marine x2  
  76  8:53  Siege Tank  
  76  8:56  Fusion Core  
  76  8:59  Banshee  
  76  9:00  Starport  
  79  9:05  Marine x2  
  78  9:23  Marine  
  73  9:26  Siege Tank  
  68  9:53  Marine x2  
  68  9:55  Battlecruiser  
  68  9:58  Siege Tank  
  79  10:11  Marine  
  80  10:14  SCV  
  80  10:15  SCV x2  
  80  10:20  Weapon Refit  
  83  10:24  Terran Ship Weapons Level 1  
  83  10:25  Starport Tech Lab  
  83  10:27  SCV x3  
  86  10:30  Siege Tank  
  86  10:33  Starport  
  86  10:34  Missile Turret  
  89  10:38  Missile Turret  
  89  10:39  SCV x2  
  91  10:49  Marine x2  
  87  10:57  Battlecruiser  
  87  10:59  Battlecruiser  
  99  11:07  Marine x2  
  99  11:09  Siege Tank  
  101  11:12  Supply Depot  
  101  11:13  Supply Depot  
  101  11:15  Supply Depot  
  101  11:22  Terran Infantry Weapons Level 1  
  101  11:24  Supply Depot  
  101  11:25  Starport Tech Lab, Supply Depot  
  101  11:26  Supply Depot  
  101  11:34  Marine x2  
  100  11:41  Siege Tank  
  98  11:52  Marine x2  
  97  12:01  Battlecruiser  
  97  12:03  Battlecruiser  
  106  12:09  Marine x2, Battlecruiser  
  108  12:27  Marine x2  
  108  12:29  SCV x3  
  113  12:32  Refinery  
  113  12:33  Refinery  
  107  12:41  SCV  
  107  12:43  Command Center  
  108  12:53  Marine x2  
  110  13:06  Battlecruiser  
  110  13:08  Battlecruiser  
  110  13:11  Marine x2  
  122  13:22  Thor  
  127  13:29  Marine x2  
  128  13:47  Marine x2  
  130  13:53  Missile Turret x2  
  130  13:54  Missile Turret  
  130  14:02  Barracks  
  130  14:03  Barracks  
  130  14:04  Marine  
  130  14:05  Marine, Thor  
  138  14:10  Armory  
  138  14:14  SCV x2  
  140  14:22  Marine x2  
  138  14:40  Marine x2  
  130  14:48  Siege Tank  
  151  14:58  Marine x2  
  144  15:15  Barracks Tech Lab  
  144  15:16  Marine x2  
Show
View Real Time Build Order
Export as new Build Order

Massa Terran 

Build Orders: 2 Factory 

Get SALT Encoding   

  12  0:06  SCV  
  13  0:17  Supply Depot  
  13  0:18  SCV  
  14  0:30  SCV  
  15  0:41  Barracks  
  15  0:42  SCV  
  16  0:54  SCV  
  17  1:06  SCV  
  18  1:18  SCV  
  19  1:29  Marine  
  20  1:36  Command Center  
  20  1:42  Refinery  
  20  1:44  Refinery, SCV  
  21  1:47  Marine  
  22  2:11  SCV  
  23  2:32  Supply Depot  
  23  2:33  Supply Depot  
  23  2:47  SCV, Marine  
  23  2:51  SCV, Factory  
  26  2:56  Supply Depot  
  26  2:59  Supply Depot  
  26  3:03  SCV  
  27  3:10  Factory  
  27  3:12  Orbital Command  
  27  3:15  SCV  
  28  3:25  Marine  
  29  3:27  SCV  
  30  3:40  SCV  
  31  3:44  Engineering Bay  
  31  3:47  Factory Reactor  
  31  3:57  Armory  
  31  3:58  SCV  
  31  4:00  SCV  
  33  4:04  Factory Tech Lab  
  33  4:11  SCV  
  33  4:12  SCV, Barracks Tech Lab  
  35  4:23  SCV  
  35  4:24  Widow Mine x2, SCV  
  40  4:26  Siege Tank  
  44  4:33  Bunker  
  44  4:36  Marauder  
  46  4:45  Widow Mine x2  
  50  4:57  Marauder  
  52  5:06  Widow Mine  
  52  5:07  Widow Mine  
  56  5:19  Marauder  
  56  5:20  Thor  
  64  5:38  SCV  
  64  5:39  SCV  
  64  5:40  Marauder  
  68  5:47  Missile Turret  
  68  5:50  SCV  
  68  5:51  SCV  
  70  6:07  Missile Turret  
  70  6:13  Supply Depot  
  70  6:15  Supply Depot x2  
  70  6:16  Terran Infantry Weapons Level 1  
  70  6:17  Terran Vehicle Weapons Level 1  
  70  6:30  Missile Turret  
  70  6:35  SCV x2  
  70  6:38  Supply Depot  
  56  6:58  Marauder  
  58  7:02  Hellion x2  
  58  7:05  Siege Tank  
  65  7:09  Barracks  
  65  7:14  Barracks  
  65  7:19  Marauder  
  61  7:23  Hellion  
  61  7:24  Hellion  
  65  7:41  Marauder  
  67  7:45  Hellion x2  
  67  7:50  Siege Tank  
  74  7:58  Barracks Reactor  
  74  8:01  Barracks Tech Lab  
  74  8:02  Marauder  
  76  8:06  Hellion x2  
  76  8:10  Terran Infantry Armor Level 1, Orbital Command  
  80  8:23  Marauder, Command Center  
  82  8:28  Widow Mine x2  
  74  8:46  Marauder x2  
  74  8:47  Marine x2  
  68  8:49  Widow Mine x2  
  72  9:05  Marine x2  
  72  9:07  Marauder x2  
  78  9:23  Marine x2  
  78  9:29  Marauder x2  
  74  9:41  Marine x2  
  76  9:50  Marauder x2  
  75  9:58  Marine  
  75  9:59  Marine  
  68  10:11  Marauder  
  68  10:12  Marauder  
  72  10:16  Marine x2  
  72  10:20  Barracks  
  74  10:31  Stimpack  
  74  10:32  Starport  
  74  10:33  Marauder x2, Concussive Shells  
  74  10:34  Marine x2  
  80  10:54  Refinery, Marauder x2  
  74  10:58  Refinery  
  74  11:03  Marine x2  
  72  11:07  Siege Tank  
  72  11:08  Widow Mine  
  72  11:09  Hellion  
  76  11:16  Marauder x2, Combat Shield  
  80  11:21  Marine x2  
  82  11:27  SCV  
  82  11:29  Hellion  
  82  11:31  Hellion  
  87  11:37  Marauder x2  
  87  11:39  SCV, Hellion, Marine x2  
  93  11:51  SCV, Hellion  
  96  11:56  Marine  
  96  11:57  Marine  
  96  11:58  Marauder x2  
  102  12:03  SCV  
  103  12:14  Marine  
  103  12:15  SCV, Marine  
  106  12:16  Medivac  
  106  12:20  Marauder x2  
  111  12:32  Marine  
  106  12:40  Marine  
  106  12:41  Marauder x2  
  111  12:45  Barracks Reactor  
  111  12:46  Medivac  
  111  12:48  Widow Mine x2  
  117  12:59  Supply Depot  
  117  13:03  Supply Depot  
  117  13:19  Command Center  
  117  13:21  Widow Mine, SCV, Marine x2, Siege Tank  
  117  13:23  Supply Depot  
  117  13:25  Widow Mine, Marauder x2, Medivac  
  133  13:28  Supply Depot  
  133  13:35  SCV  
  133  13:38  Marine x2  
  132  13:45  Widow Mine  
  132  13:47  Widow Mine, SCV, Marauder x2, Supply Depot  
  141  13:52  Supply Depot  
  141  13:56  Marine x2  
  141  13:59  SCV  
  144  14:06  Widow Mine  
  144  14:08  Widow Mine, Marine x2  
  127  14:25  Marine x2  
  127  14:28  Widow Mine  
  127  14:29  Widow Mine  
  87  14:40  Marine  
  87  14:41  Marine x3  
  87  14:44  Marauder  
  89  14:49  Widow Mine  
  89  14:51  Widow Mine  
  85  14:59  Marine x2  
  63  15:16  Marine  
  63  15:17  Marine  
  63  15:19  SCV  
  50  15:32  Command Center  
  50  15:33  Missile Turret  
  48  15:35  Missile Turret  
  48  15:37  Missile Turret x2  
  48  15:39  Missile Turret  
  48  15:41  Barracks x3  
  48  15:42  Barracks, Missile Turret  
Show
View Real Time Build Order
Export as new Build Order

qqq Zerg 

Build Orders: Hatch First 

Get SALT Encoding   

  12  0:12  Drone  
  12  0:13  Drone  
  14  0:36  Hatchery  
  13  0:54  Spawning Pool  
  12  0:57  Extractor  
  11  1:06  Overlord  
  11  1:08  Drone  
  12  1:12  Drone  
  13  1:31  Drone x2  
  15  1:43  Roach Warren  
  14  1:48  Drone  
  14  1:51  Drone  
  14  1:53  Drone  
  17  2:04  Zergling x2  
  18  2:17  Queen  
  18  2:22  Queen  
  22  2:28  Roach  
  24  2:32  Drone  
  24  2:35  Drone  
  26  2:43  Overlord  
  26  2:51  Roach  
  28  3:03  Roach  
  28  3:05  Roach  
  32  3:09  Drone  
  32  3:12  Drone, Overlord  
  34  3:17  Ravager x2  
  36  3:23  Overlord  
  36  3:30  Overlord  
  36  3:35  Drone  
  36  3:36  Drone  
  36  3:38  Drone  
  39  3:47  Overlord  
  39  3:48  Drone  
  39  3:50  Drone  
  41  3:59  Lair  
  41  4:01  Drone  
  42  4:08  Zergling x2  
  43  4:13  Overlord  
  43  4:14  Zergling x4  
  43  4:17  Drone x2  
  46  4:22  Roach  
  49  4:25  Roach  
  49  4:29  Ravager  
  49  4:30  Zergling x4  
  54  4:35  Roach  
  54  4:38  Extractor  
  47  4:53  Drone x3  
  47  4:54  Drone  
  47  4:55  Zergling x4, Roach  
  44  5:25  Roach x3  
  44  5:26  Drone x3  
  53  5:45  Drone  
  53  5:47  Extractor, Hatchery  
  52  6:07  Metabolic Boost  
  52  6:09  Zergling x6  
  52  6:10  Drone x3  
  46  6:28  Roach x2  
  46  6:29  Roach  
  46  6:30  Drone x3  
  44  6:52  Roach x2  
  44  6:53  Drone x2  
  50  7:13  Zergling x2  
  50  7:14  Drone, Zergling x2  
  53  7:16  Roach x3  
  53  7:22  Hatchery  
  58  7:26  Zergling x2  
  58  7:27  Zergling x2  
  58  7:28  Roach x3  
  66  7:39  Drone x2  
  66  7:41  Roach x4  
  73  7:55  Roach  
  73  7:56  Roach x3  
  81  8:00  Spine Crawler  
  81  8:04  Spine Crawler  
  81  8:05  Roach  
  81  8:17  Spire  
  56  8:31  Drone x2  
  56  8:32  Drone x2  
  56  8:33  Roach x2  
  56  8:34  Roach x2  
  68  8:39  Queen  
  70  8:51  Roach x3  
  70  8:52  Drone x3  
  70  8:53  Roach  
  81  8:56  Spore Crawler  
  81  9:01  Spore Crawler  
  67  9:23  Roach x6  
  67  9:24  Roach x4  
  69  9:35  Mutalisk  
  69  9:37  Zergling x2  
  65  9:39  Drone x2  
  65  9:44  Extractor  
  60  9:48  Zergling x4  
  62  9:58  Overseer  
  62  10:06  Mutalisk  
  64  10:09  Pneumatized Carapace  
  64  10:20  Hatchery  
  61  10:27  Mutalisk  
  63  10:29  Zergling x10  
  66  10:56  Mutalisk x2  
  42  11:15  Mutalisk  
  42  11:16  Mutalisk  
  42  11:17  Zergling x2  
  42  11:18  Zergling x6  
  50  11:19  Drone x3  
  53  11:34  Hatchery  
  50  11:57  Mutalisk x4  
  50  11:59  Zergling x4  
  50  12:00  Drone x3  
  61  12:15  Hatchery  
  58  12:19  Mutalisk x3  
  58  12:21  Drone  
  65  12:25  Hatchery  
  65  12:29  Zerg Flyer Weapons Level 1  
  64  12:42  Mutalisk  
  64  12:44  Zergling x8  
  68  12:45  Drone x3  
  69  13:28  Zergling x12  
  69  13:29  Drone x3  
  78  13:39  Drone  
  78  13:40  Evolution Chamber  
  78  13:41  Mutalisk, Evolution Chamber  
  78  13:42  Mutalisk  
  81  14:08  Zergling x2  
  81  14:09  Zergling x6  
  85  14:10  Drone x2  
  85  14:12  Overlord  
  85  14:13  Overlord  
  82  14:37  Mutalisk x2  
  82  14:38  Mutalisk x2  
  82  14:39  Drone x4  
  82  14:40  Drone x2  
  71  15:02  Mutalisk x4  
  71  15:03  Mutalisk x2  
  71  15:04  Mutalisk x2  
Tags
 
Add a new tag
Caveats
  • Supply blocks, unpowered buildings, or Contaminate may cause inaccurate times.
  • Supply counts are checked every 10 seconds.